 Dungeon Crawl Stone Soup version 0.30-a0-737-gf23d94013f (webtiles) character file.

Game seed: 3573908994124198199

31 Atelerd the Digger (level 3, 0/21 HPs)
             Began as an Octopode Earth Elementalist on Feb 2, 2023.
             Succumbed to a kobold's poison
             ... on level 2 of the Dungeon.
             The game lasted 00:00:34 (1088 turns).

Atelerd the Digger (Octopode Earth Elementalist)    Turns: 1088, Time: 00:00:35

Health: 0/21       AC:  1    Str:  7    XL:     3   Next: 22%
Magic:  4/6        EV: 13    Int: 19    God:
Gold:   114        SH:  0    Dex: 12    Spells: 5/6 levels left

rFire   . . .      SeeInvis .    b - +0 dagger
rCold   . . .      Faith    .    (no shield)
rNeg    . . .      Spirit   .    (helmet restricted)
rPois   .          Reflect  .    (no amulet)
rElec   .          Harm     .    (no ring)
rCorr   .          Rampage  .    (no ring)
Will    .....                    (no ring)
Stlth   +++                      (no ring)
HPRegen 0.23/turn                (no ring)
MPRegen 0.10/turn                (no ring)
                                 (no ring)
                                 (no ring)

@: lethally poisoned (0 -> -7)
A: almost no armour, amphibious, 8 rings, camouflage 1, gelatinous body 1,
(nimble swimmer 1), tentacles
a: no special abilities


You were on level 2 of the Dungeon.
You visited 1 branch of the dungeon, and saw 2 of its levels.

You collected 114 gold pieces.

Inventory:

Hand Weapons
 b - a +0 dagger (weapon)
Jewellery
 d - an amulet of reflection
Scrolls
 f - a scroll of blinking {unknown}
Potions
 a - a potion of magic
 c - a potion of curing {unknown}
 e - a potion of attraction {unknown}
 g - a potion of resistance {unknown}
 h - a potion of mutation {unknown}


   Skills:
 + Level 2.4 Dodging
 - Level 2.6 Stealth
 + Level 2.3 Spellcasting
 + Level 1.7 Transmutations
 + Level 3.3 Earth Magic


You had 5 spell levels left.
You knew the following spells:

 Your Spells              Type           Power      Damage    Failure   Level
a - Sandblast             Erth           28%        2d8       4%          1

Your spell library contained the following spells:

 Spells                   Type           Power      Damage    Failure   Level
 Passwall                 Tmut/Erth      9%         N/A       9%          2
 Stone Arrow              Conj/Erth      16%        3d8       24%         3
 Petrify                  Tmut/Erth      11%        N/A       50%         4


Dungeon Overview and Level Annotations

Branches:
Dungeon (2/15)

Altars:


Innate Abilities, Weirdness & Mutations

You cannot wear most types of armour.
You are amphibious.
You can wear up to eight rings at the same time.
Your skin changes colour to match your surroundings (Stealth+).
Your rubbery body absorbs attacks. (AC +1, EV +1)
((You are camouflaged when in or above water. (Stealth+)))
You have tentacles for arms and can constrict up to eight enemies at once.


Message History

A giant cockroach comes into view.
The dart slug launches a dart at you. The slug dart hits you.
The blast of sand hits the kobold but does no damage.
The kobold misses you.
The kobold hits you with a +0 dagger of venom.
You are poisoned.
There are monsters nearby!
The blast of sand hits the kobold.
The kobold is moderately wounded.
You feel sick.
A bat comes into view.
The kobold completely misses you.
You barely miss the kobold. Your grab misses the kobold.
The kobold is moderately wounded.
You feel sick. The bat hits you.
The kobold hits you with a +0 dagger of venom.
You are lethally poisoned!
There is a lethal amount of poison in your body!
You are too injured to fight recklessly!
There is a lethal amount of poison in your body!
You are too injured to fight recklessly!
You are too injured to fight recklessly!
You are too injured to fight recklessly!
There is a lethal amount of poison in your body!
You are too injured to fight recklessly!
Press: ? - help, v - describe, . - travel
Here: a kobold, wielding a +0 dagger of venom and quivering stones (moderately wounded)
The floor.
You feel very sick. The quokka attacks as you move away!
The quokka closely misses you. The kobold attacks as you move away!
The kobold misses you.
* * * LOW HITPOINT WARNING * * *
You feel very sick. The quokka attacks as you move away! The quokka bites you.
* * * LOW HITPOINT WARNING * * *
The giant cockroach attacks as you move away!
The giant cockroach bites you.
* * * LOW HITPOINT WARNING * * *
You die...

. #..#....# .# #..#....# #
.# #..##...# . .... .
#..##...# ###......#
.####..##...## #........#
........##...# #.#......#
...........#.####.#......#
#..).##.##.#......#......#
#....##.##.#####@.b......#
.....##.##.######.#K.$..^.
.#.#.##.##.#.....rB...#.
.#.#....##.#..[.......#
.#.#######.#..........>...#
.#.........#............#.#
.###########......w...#.#
.# #..........# # .#
#..........#


You could see a dart slug, a quokka, a giant cockroach, a bat and a kobold.

Vanquished Creatures
  A dart slug (D:2)
  3 bats
  2 endoplasms
  3 giant cockroaches (D:1)
  3 goblins
  A hobgoblin (D:2)
  4 quokkas
  5 ball pythons
  A frilled lizard (D:1)
  2 kobolds (D:1)
  A rat (D:1)
26 creatures vanquished.

Notes
Turn   | Place    | Note
-------+----------+-------------------------------------------
     0 | D:1      | Atelerd the Octopode Earth Elementalist began the quest for
                  | the Orb.
     0 | D:1      | Reached XP level 1. HP: 11/11 MP: 3/3
   184 | D:1      | Reached XP level 2. HP: 17/17 MP: 3/5
   908 | D:2      | Reached XP level 3. HP: 21/21 MP: 3/6
  1088 | D:2      | Succumbed to a kobold's poison

Illustrated notes

Levels and vault maps discovered:
D:1:      ncdulo_halloftheorcs, layout_loops_ring, minmay_misc_feat_pillars
D:2:      layout_basic, minmay_hexomino_p4

Action                     || total
---------------------------++-------
  Melee: Unarmed           ||     3
         Constrict         ||     7
         Tentacles         ||     4
         Dagger            ||    20
   Cast: Sandblast         ||    28
   Stab: Sleeping          ||     2
 Armour: Skin              ||     5
  Dodge: Dodged            ||    28

Table legend: (Time is in decaauts)
 A = Elapsed time spent in this place.
 B = Non-inter-level travel time spent in this place.
 C = Inter-level travel time spent in this place.
 D = Time resting spent in this place.
 E = Time spent auto-exploring this place.
 F = Levels seen in this place.
 G = Mean time per level.
                   A        B        C        D        E       F      G
               +--------+--------+--------+--------+--------+-----+--------+
         Total |   1101 |   1078 |     23 |      0 |    911 |   2 |  550.5 |
       Dungeon |   1101 |   1078 |     23 |      0 |    911 |   2 |  550.5 |
               +--------+--------+--------+--------+--------+-----+--------+

Top non-repeatable levels by time:
     D:1: 870 daAuts
     D:2: 231 daAuts
